 Dungeon Crawl Stone Soup version 0.30.1-9-gdf580d7c3d (webtiles) character file.

Game seed: 9929741770159021228

21 Ninjinzu the Trooper (level 2, -1/36 HPs)
             Began as a Demonspawn Berserker on Sept 26, 2023.
             Was a Follower of Trog.
             Slain by a gnoll
             ... wielding a +0 halberd
              (13 damage)
             ... on level 2 of the Dungeon.
             The game lasted 00:02:22 (1037 turns).

Ninjinzu the Trooper (Demonspawn Berserker)         Turns: 1037, Time: 00:02:22

Health: -1/36      AC:  3    Str: 17    XL:     2   Next: 65%
Magic:  2/2        EV: 12    Int:  8    God:    Trog [*.....]
Gold:   46         SH:  0    Dex: 12    Spells: 1/1 levels left

rFire   . . .        a - +0 spear
rCold   . . .        (no shield)
rNeg    . . .        b - +0 animal skin
rPois   .            (helmet restricted)
rElec   .            (no cloak)
rCorr   .            (no gloves)
SInv    .            d - +0 pair of boots
Will    .....        (no amulet) Stlth
                     (no ring)
HPRegen 0.26/turn    (no ring)
MPRegen 0.08/turn

%: no passive effects
@: berserking, very quick
A: horns 1
a: Renounce Religion, Berserk


You were on level 2 of the Dungeon.
You worshipped Trog.
Trog was aware of your devotion.
You visited 1 branch of the dungeon, and saw 2 of its levels.

You collected 46 gold pieces.

Inventory:

Hand Weapons
 a - a +0 spear (weapon)
Armour
 b - a +0 animal skin (worn)
 d - a +0 pair of boots (worn)
Scrolls
 e - a scroll of teleportation {unknown}
Potions
 c - a potion of might {unknown}


   Skills:
 + Level 3.4 Fighting
 + Level 3.0 Polearms
 + Level 1.9 Armour
 + Level 1.9 Dodging
 + Level 0.1 Stealth


You had one spell level left.
You didn't know any spells.
Your spell library was empty.

Dungeon Overview and Level Annotations

Branches:
Dungeon (2/15)

Altars:


Innate Abilities, Weirdness & Mutations

You have a pair of small horns on your head.


Message History

The bat attacks as you move away! The bat closely misses you.
The bat hits you but does no damage. x2
You puncture the bat!
You kill the bat!
Trog accepts your kill.
You see here a bat corpse.
e - a scroll labelled KOENOM KIOG GIZE
Found a book of Frost.
You see here a book of Frost.
An endoplasm comes into view.
An endoplasm is nearby!
The endoplasm quivers.
The endoplasm barely misses you.
You barely miss the endoplasm. You headbutt the endoplasm.
The endoplasm is severely wounded.
You hit the endoplasm but do no damage.
The endoplasm is severely wounded.
The endoplasm closely misses you.
You hit the endoplasm.
You kill the endoplasm!
Trog accepts your kill.
Done exploring.
Done exploring.
You see here a ball python skeleton.
There is a stone staircase leading down here.
There is a stone staircase leading down here.
You climb downwards.
The goblin shouts!
The gnoll shouts! x3; The frilled lizard hisses angrily.
There is a stone staircase leading up here.
The frilled lizard attacks as you move away!
The frilled lizard barely misses you. The gnoll closely misses you.
The gnoll barely misses you. The gnoll hits you with a +0 halberd!
The gnoll hits you with a +0 spear!
You closely miss the goblin.
A red film seems to cover your vision as you go berserk!
You feel yourself moving faster!
You feel mighty! The frilled lizard misses you. The gnoll barely misses you.
The gnoll misses you. The goblin hits you with a +0 club.
The gnoll hits you with a +0 halberd!
You die...

#####
#.gg#
#@l.#
#gg.#
#..g#
#...#
..⌠..
#.....#
##...##
##.##


You could see 4 gnolls, a goblin and a frilled lizard.

Vanquished Creatures
  2 endoplasms (D:1)
  A giant cockroach (D:1)
  A goblin (D:1)
  2 hobgoblins (D:1)
  3 jackals (D:1)
  A quokka (D:1)
  2 ball pythons (D:1)
  5 bats (D:1)
  2 frilled lizards (D:1)
  A kobold (D:1)
  A rat (D:1)
21 creatures vanquished.

Notes
Turn   | Place    | Note
-------+----------+-------------------------------------------
     0 | D:1      | Ninjinzu the Demonspawn Berserker began the quest for the
                  | Orb.
     0 | D:1      | Reached XP level 1. HP: 18/18 MP: 1/1
   276 | D:1      | Discovered your monstrous ancestry.
   276 | D:1      | Gained mutation: You have a pair of small horns on your
                  | head. [demonic ancestry]
   276 | D:1      | Reached XP level 2. HP: 13/24 MP: 2/2
  1037 | D:2      | Slain by a gnoll

Illustrated notes

Levels and vault maps discovered:
D:1:      tarquinn_simple_flora_water_a, layout_basic
D:2:      layout_basic, basic_ecumenical_altar, kennysheep_another_room,
          grunt_ministairs_14, bh_walls_and_bars, uniq_terence

Skill      XL: |  1  2 |
---------------+-------+-----
Polearms       | 3 |  3.0
Fighting       | |  3.4
Armour         | |  1.9
Dodging        | |  1.9
Stealth        | |  0.1

Action                     || total
---------------------------++-------
  Melee: Spear             ||    78
         Headbutt          ||     6
 Invoke: Berserk           ||     1
 Armour: Animal skin       ||    36
  Dodge: Dodged            ||    96
